 Dungeon Crawl Stone Soup version 0.26.0-45-g9c1d065592 (webtiles) character file.

Game seed: 16207059022680107299

14492 trckry the Quickloader (level 12, -22/71 HPs)
             Began as a Tengu Hunter on Jan 30, 2021.
             Was a High Priest of Okawaru.
             Annihilated by a white ugly thing (24 damage)
             ... on level 12 of the Dungeon.
             The game lasted 00:51:44 (17801 turns).

trckry the Quickloader (Tengu Hunter)              Turns: 17801, Time: 00:51:44

Health: -22/71     AC: 18    Str: 14    XL:     12   Next: 17%
Magic:  17/17      EV: 11    Int: 13    God:    Okawaru [*****.]
Gold:   501        SH:  0    Dex: 11    Spells: 11/11 levels left

rFire    + + +     SeeInvis .   b - +5 lajatang "Orb Guardian's Foe" {flame, +Fly rPois rF+++ Str-3}
rCold    . . .     Faith    .   (shield currently unavailable)
rNeg     + + .     Spirit   .   y - +4 chain mail of Classification {rF+ rN++ rCorr Dex-3}
rPois    +         Reflect  .   (helmet restricted)
rElec    .         Harm     .   k - +1 cloak
rCorr    +         Rampage  .   l - +0 pair of gloves
Will     +....                  (boots unavailable)
Stlth    ..........             (no amulet)
HPRegen  0.21/turn              j - ring of willpower
MPRegen  0.15/turn              (no ring)

@: flying quickly and evasively, quick
A: beak, talons 3, able to fly
a: Stop Flying, Renounce Religion, Heroism, Finesse


You were on level 12 of the Dungeon.
You worshipped Okawaru.
Okawaru was extremely pleased with you.
You visited 2 branches of the dungeon, and saw 13 of its levels.
You also visited: Ossuary.

You collected 543 gold pieces.
You spent 42 gold pieces at shops.

Inventory:

Hand Weapons
 a - a +2 hand crossbow
 b - the +5 lajatang "Orb Guardian's Foe" (weapon) {flame, +Fly rPois rF+++ Str-3}
   (Okawaru gifted it to you on level 10 of the Dungeon)

   It has been specially enchanted to burn those struck by it, causing extra
   injury to most foes and up to half again as much damage against particularly
   susceptible opponents.
   Big, fiery blades are also staple armaments of hydra-hunters.
   It affects your strength (-3).
   It renders you almost immune to fire.
   It protects you from poison.
   It lets you fly.
 B - a +0 quarterstaff
Missiles
 d - 55 bolts
 h - 52 poisoned darts (quivered)
 q - 2 throwing nets
 x - a curare-tipped dart
Armour
 k - a +1 cloak (worn)
 l - a +0 pair of gloves (worn)
 y - the +4 chain mail of Classification (worn) {rF+ rN++ rCorr Dex-3}
   (You found it on level 4 of the Dungeon)

   It affects your dexterity (-3).
   It protects you from fire.
   It greatly protects you from negative energy.
   It provides partial protection from all sources of acid and corrosion.
Jewellery
 j - a ring of willpower (left hand)
Wands
 g - a wand of iceblast (6)
 r - a wand of flame (37)
 t - a wand of enslavement (1)
 v - a wand of random effects (8)
 F - a wand of acid (13)
Scrolls
 e - 4 scrolls of identify
 f - 7 scrolls of teleportation
 n - a scroll of magic mapping
 s - a scroll of enchant weapon
 z - 3 scrolls of enchant armour
 A - 5 scrolls of remove curse
Potions
 c - a potion of heal wounds
 i - 4 potions of lignification
 m - a potion of mutation
 o - 4 potions of curing
 p - a potion of berserk rage
 w - 2 potions of ambrosia
 C - a potion of might
 D - 3 potions of haste
 H - a potion of cancellation
Miscellaneous
 u - a tin of tremorstones (2/2)


   Skills:
 + Level 6.9 Fighting
 * Level 8.6 Staves
 * Level 11.3 Crossbows
 + Level 7.2 Armour
 + Level 7.6 Dodging
 - Level 1.0 Stealth
 + Level 5.9 Invocations
 + Level 6.5 Evocations


You had 11 spell levels left.
You didn't know any spells.
Your spell library contained the following spells:

 Spells                   Type           Power        Failure   Level
 Animate Skeleton         Necr           0%           99%         1
 Beastly Appendage        Tmut           0%           99%         1
 Foxfire                  Conj/Fire      0%           99%         1
 Magic Dart               Conj           0%           99%         1
 Pain                     Necr           0%           99%         1
 Shock                    Conj/Air       0%           99%         1
 Blink                    Tloc           N/A          100%        2
 Call Imp                 Summ           0%           100%        2
 Slow                     Hex            0%           100%        2
 Wereblood                Tmut           0%           100%        2
 Conjure Flame            Conj/Fire      0%           100%        3
 Inner Flame              Hex/Fire       0%           100%        3
 Mephitic Cloud           Conj/Pois/Air  0%           100%        3
 Spider Form              Tmut/Pois      0%           100%        3
 Static Discharge         Conj/Air       0%           100%        3
 Vampiric Draining        Necr           0%           100%        3
 Airstrike                Air            0%           100%        4
 Animate Dead             Necr           0%           100%        4
 Ice Form                 Ice/Tmut       0%           100%        4
 Sticky Flame             Conj/Fire      0%           100%        4
 Agony                    Necr           0%           100%        5
 Blade Hands              Tmut           0%           100%        5
 Fireball                 Conj/Fire      0%           100%        5
 Lightning Bolt           Conj/Air       0%           100%        5
 Conjure Ball Lightning   Conj/Air       0%           100%        6


Dungeon Overview and Level Annotations

Branches:
Dungeon (12/15)            Temple (1/1) D:4            Lair (0/6) D:10
    Orc (0/2) D:10        Ossuary (visited)

Altars:
Ashenzari
Cheibriados
Dithmenos
Elyvilon
Fedhas
Gozag
Hepliaklqana
Kikubaaqudgha
Makhleb
Nemelex Xobeh
Okawaru
Qazlal
Ru
Sif Muna
Trog
Uskayaw
Vehumet
Wu Jian
Xom
Yredelemnul
Zin
The Shining One

Shops:
D:4 ?   D:8 :   D:10 (

Annotations:
D:6 2 runed translucent doors, kaeus's ghost, novice OpFi
D:11 !Electric Eels, exclusions: electric eel and 5 more exclusions


Innate Abilities, Weirdness & Mutations

You have a beak for a mouth.
You have claws for feet.
You can fly continuously.


Message History

The white ugly thing resists with some effort.
The white ugly thing barely misses you.
Evoke which item? (* to show all) (? for menu, Esc to quit)
Okay, then.
Okay, then.
Evoke which item? (* to show all) (? for menu, Esc to quit)
Aiming: Enslavement
Press: ? - help, Shift-Dir - straight line, f/p - white ugly thing
Aim: a white ugly thing (moderately wounded, chance to affect: 49%)
The white ugly thing resists with some effort.
The white ugly thing claws you but does no damage.
Evoke which item? (* to show all) (? for menu, Esc to quit)
Aiming: Enslavement
Press: ? - help, Shift-Dir - straight line, f/p - white ugly thing
Aim: a white ugly thing (moderately wounded, chance to affect: 49%)
The white ugly thing resists with some effort.
The white ugly thing claws you!
* * * LOW HITPOINT WARNING * * *
The white ugly thing freezes you!!
You die... ##. ≈≈Y ..# #PP

..#.. ...
#.# #<#
#.# #.#
#@# #u#
#.# ###
#.# ##...
#.#
...!..#.#
....u...#
#.....#.#
##(..##.#


You could see a white ugly thing.

Vanquished Creatures
  Erolcha (D:11)
  An ugly thing (D:11)
  Psyche (D:8)
  A centaur zombie (D:10)
  4 polar bears (D:10)
  Grinder (D:3)
  2 trolls (D:10)
  A dream sheep (D:11)
  Sigmund (D:3)
  A vampire (D:11)
  5 wraiths
  7 yaks
  A steam dragon (D:11)
  Eustachio (D:5)
  Menkaure (Ossuary)
  3 water moccasins
  2 black bears (D:10)
  5 sky beasts
  7 orc warriors
  2 necrophages
  7 ice beasts
  3 wolves (D:10)
  8 ogres
  10 centaurs
  5 big kobolds
  9 bullfrogs
  5 gnoll sergeants (D:10)
  A water moccasin zombie (D:10)
  2 wyvern zombies
  2 wyvern skeletons
  8 scorpions
  16 killer bees
  3 howler monkeys
  4 electric eels
  A quasit (D:7)
  2 hounds
  A gnoll shaman (D:8)
  5 orc priests
  4 bullfrog skeletons
  A jelly (D:8)
  16 orc wizards
  3 iguanas
  8 worker ants
  A bullfrog simulacrum (D:10)
  A hound zombie (D:9)
  4 mummies
  Robin (D:3)
  A worker ant zombie (D:10)
  7 adders
  14 gnolls
  6 white imps
  3 worker ant simulacra (D:10)
  4 ufetubi
  2 oozes
  3 worms
  4 dart slugs
  6 leopard geckos
  56 orcs
  7 bats
  5 giant cockroaches
  16 goblins
  10 hobgoblins
  11 jackals
  37 kobolds
  2 quokkas
  7 frilled lizards
  4 gnoll skeletons (Ossuary)
  3 gnoll zombies (Ossuary)
  8 goblin skeletons (Ossuary)
  7 goblin zombies (Ossuary)
  2 hobgoblin skeletons (Ossuary)
  4 hobgoblin zombies (Ossuary)
  2 kobold skeletons (Ossuary)
  6 kobold zombies
  A leopard gecko zombie (D:7)
  2 orc skeletons (Ossuary)
  6 orc zombies
  A quokka skeleton (D:6)
  A quokka zombie (D:6)
  4 rats
  6 rat skeletons (Ossuary)
437 creatures vanquished.

Vanquished Creatures (others)
  A bullfrog zombie (D:7)
  A gnoll zombie (Ossuary)
  An orc skeleton (Ossuary)
  61 fungi (D:10)
  123 plants
187 creatures vanquished.

Grand Total: 624 creatures vanquished

Notes
Turn   | Place    | Note
-------+----------+-------------------------------------------
     0 | D:1      | trckry the Tengu Hunter began the quest for the Orb.
     0 | D:1      | Reached XP level 1. HP: 12/12 MP: 2/2
    89 | D:1      | Reached XP level 2. HP: 14/17 MP: 3/3
   501 | D:1      | Reached XP level 3. HP: 21/21 MP: 4/4
  1564 | D:2      | Reached skill level 1 in Armour
  1585 | D:2      | Found a burning altar of Makhleb.
  1585 | D:2      | Found a shimmering blue altar of Sif Muna.
  2033 | D:2      | Found a sparkling altar of Nemelex Xobeh.
  2265 | D:3      | Reached XP level 4. HP: 26/26 MP: 5/5
  2279 | D:3      | Noticed Sigmund
  2372 | D:3      | Reached skill level 1 in Staves
  2464 | D:2      | Reached skill level 5 in Crossbows
  2464 | D:2      | Reached skill level 1 in Evocations
  2731 | D:3      | Reached skill level 1 in Invocations
  2749 | D:3      | Killed Sigmund
  2750 | D:3      | Gained mutation: You can fly continuously. [Tengu growth]
  2750 | D:3      | Reached XP level 5. HP: 31/31 MP: 5/7
  2750 | D:3      | Reached XP level 6. HP: 36/36 MP: 5/8
  2934 | D:3      | Noticed Robin
  2937 | D:3      | Noticed Grinder
  2957 | D:3      | Paralysed by Grinder for 7 turns
  3001 | D:3      | Killed Robin
  3035 | D:3      | Killed Grinder
  3036 | D:3      | Reached skill level 6 in Crossbows
  3036 | D:3      | Reached XP level 7. HP: 39/41 MP: 9/9
  3407 | D:4      | Found a hazy altar of Hepliaklqana.
  3491 | D:4      | Found Tianishri's Magic Scroll Emporium.
  3494 | D:4      | Bought a scroll of teleportation for 42 gold pieces
  3533 | D:4      | Found a staircase to the Ecumenical Temple.
  3555 | Temple   | Entered the Ecumenical Temple
  3679 | Temple   | Became a worshipper of Warmaster Okawaru
  3927 | D:4      | Reached XP level 8. HP: 45/46 MP: 10/10
  4039 | D:4      | Got an emerald-encrusted chain mail
  4050 | D:4      | Identified the +4 chain mail of Classification {rF+ rN++
                  | rCorr Dex-3} (You found it on level 4 of the Dungeon)
  4106 | D:5      | Entered Level 5 of the Dungeon
  4215 | D:5      | Got a polished chain mail
  4226 | D:5      | Identified the cursed +0 chain mail of Untold Secrets
                  | {rElec rF+ Int+6} (You found it on level 5 of the Dungeon)
  4261 | D:5      | Reached * piety under Okawaru
  4346 | D:5      | Reached skill level 7 in Crossbows
  4424 | D:5      | Noticed Eustachio
  4474 | D:5      | Killed Eustachio
  4615 | D:5      | Found a broken altar of Ashenzari.
  5116 | D:6      | Found a runed translucent door.
  5116 | D:6      | Noticed kaeus's ghost (novice OpFi)
  5158 | D:6      | Reached XP level 9. HP: 52/52 MP: 12/12
  5189 | D:6      | Found a runed translucent door.
  5226 | D:6      | Reached ** piety under Okawaru
  5243 | D:6      | Found a sand-covered staircase.
  5256 | Ossuary  | Entered an ossuary
  5729 | Ossuary  | Noticed Menkaure
  5737 | Ossuary  | Killed Menkaure
  5831 | D:6      | Reached skill level 5 in Dodging
  5888 | D:6      | Reached skill level 8 in Crossbows
  5940 | D:6      | Found a bloodstained altar of Trog.
  7650 | D:8      | Noticed Psyche
  7859 | D:8      | Reached *** piety under Okawaru
  7908 | D:8      | Reached skill level 5 in Armour
  7921 | D:8      | Reached skill level 5 in Fighting
  7921 | D:8      | Reached skill level 5 in Staves
  8326 | D:7      | Reached skill level 9 in Crossbows
  8326 | D:7      | Reached XP level 10. HP: 57/59 MP: 14/14
  8771 | D:8      | Killed Psyche
  8941 | D:8      | Found a blossoming altar of Fedhas.
  9018 | D:8      | Reached **** piety under Okawaru
  9056 | D:8      | Found a radiant altar of Vehumet.
  9126 | D:8      | Found Simar's Book Shop.
  9570 | D:8      | Reached skill level 5 in Evocations
  9894 | D:8      | HP: 7/59 [killer bee (5)]
  9899 | D:8      | HP: 8/59 [poisoned by a killer bee]
  9904 | D:8      | HP: 6/59 [poisoned by a killer bee]
  9910 | D:8      | HP: 5/59 [poisoned by a killer bee]
  9918 | D:8      | HP: 5/59 [poisoned by a killer bee]
 11670 | D:10     | Entered Level 10 of the Dungeon
 11706 | D:10     | Reached ***** piety under Okawaru
 11707 | D:10     | Reached skill level 10 in Crossbows
 11989 | D:10     | Reached XP level 11. HP: 51/64 MP: 15/15
 11996 | D:10     | Reached skill level 5 in Invocations
 12308 | D:10     | Found Ytettuuj's Weapon Shoppe.
 12643 | D:10     | Found a staircase to the Orcish Mines.
 13549 | D:10     | Received a gift from Okawaru
 13815 | D:10     | Found a staircase to the Lair.
 14430 | D:10     | Received a gift from Okawaru
 14514 | D:10     | HP: 5/66 [polar bear (13)]
 15028 | D:10     | Received a gift from Okawaru
 15040 | D:10     | Got an ivory lajatang {god gift}
 15041 | D:10     | Identified the +5 lajatang "Orb Guardian's Foe" {flame,
                  | +Fly rPois rF+++ Str-3} (Okawaru gifted it to you on level
                  | 10 of the Dungeon)
 15401 | D:11     | HP: 2/66 [electric eel/bolt of electricity (13)]
 15676 | D:11     | Noticed a white ugly thing
 15691 | D:11     | Killed a white ugly thing
 15696 | D:11     | Reached skill level 11 in Crossbows
 15977 | D:11     | Noticed Josephine
 15978 | D:11     | Noticed Josephine
 15978 | D:11     | Josephine changed into Josephine the dream sheep
 15981 | D:11     | Killed Josephine the dream sheep
 17037 | D:11     | Reached XP level 12. HP: 52/71 MP: 17/17
 17178 | D:11     | Noticed Erolcha
 17189 | D:11     | Killed Erolcha
 17535 | D:11     | Identified the Catalogue of Lightness
 17798 | D:12     | HP: 8/71 [white ugly thing (33)]
 17801 | D:12     | HP: 2/71 [white ugly thing (7)]
 17801 | D:12     | Annihilated by a white ugly thing

Illustrated notes

Levels and vault maps discovered:
D:1:      mrwooster_arrival_statue_3, layout_basic
D:2:      layout_loops_corners, gammafunk_temple_overflow_elements,
          nemelex_xobeh_ov_fountains_minmay
D:3:      layout_rooms, kennysheep_nub, uniq_sigmund, uniq_robin, uniq_grinder
D:4:      layout_basic, nzn_hepliaklqana_mist_gate, minmay_temple_entry_grid,
          serial_shops, nicolae_shop_behind_doors
D:5:      layout_loops_ring, cheibrodos_ashenzari_chains,
          minmay_a_box_with_orc_wizards_in_it, uniq_eustachio
D:6:      layout_loops_cross, nicolae_ossuary_entry_giza, ebering_ghost_sewer_f,
          trog_book
D:7:      kennysheep_kobold_camp, layout_basic
D:8:      layout_rooms, vehumet_altar_wand_db, overflow_temple_1_default,
          serial_shops, nicolae_shop_stone, supply_closet_lemuel,
          chequers_decorated_corner, hangedman_decor_riveting,
          minmay_joined_circles, uniq_psyche
D:9:      layout_long_grid, kennysheep_potato
D:10:     layout_loops_ring, due_lair_maze_entry_diamond,
          kennysheep_orc_monster_closet_entryway, serial_shops,
          nicolae_shop_stone, serial_ice, serial_ice_d, serial_ice_n,
          serial_ice_f, serial_ice_j, serial_ice_h, serial_ice_e, serial_ice_m,
          serial_ice_c
D:11:     layout_basic, nicolae_wwwww, uniq_erolcha, uniq_josephine
D:12:     layout_loops_ring, serial_bayou, serial_bayou_pond_c,
          serial_bayou_lagoon_b, serial_bayou_ford_a, serial_bayou_crossing,
          minmay_guarded_unrand_skullcrusher, uniq_kirke
Temple:   regret_index_temple_waves

Skill      XL: |  1  2  3  4  5  6  7  8  9 10 11 |
---------------+----------------------------------+-----
Armour         | 1 2 3 5 6 7 |  7.2
Staves         | 2 3 4 5 6 8 |  8.6
Crossbows      | 5 6 7 9 10 11 | 11.3
Evocations     | 1 2 3 4 5 6 |  6.5
Invocations    | 1 2 3 4 5 |  5.9
Dodging        | 3 4 5 6 7 |  7.6
Fighting       | 3 4 5 6 |  6.9
Stealth        | |  1.0

Action                   |  1- 3 |  4- 6 |  7- 9 | 10-12 || total
-------------------------+-------+-------+-------+-------++-------
Melee: Mace              |    69 |    49 |    22 |       ||   140
       Kick              |     6 |     8 |     7 |    36 ||    57
       Peck              |     9 |     6 |     4 |    29 ||    48
       Hand crossbow     |       |       |     2 |       ||     2
       Quarterstaff      |       |       |     3 |   118 ||   121
       Lajatang          |       |       |       |    73 ||    73
 Fire: Hand crossbow     |     4 |    21 |   545 |   623 ||  1193
Throw: Dart              |       |       |       |    53 ||    53
 Abil: Fly               |       |     1 |       |       ||     1
Evoke: Wand              |       |     9 |     1 |    13 ||    23
  Use: Scroll            |       |       |     6 |    17 ||    23
       Potion            |       |       |       |     5 ||     5
 Stab: Sleeping          |     3 |       |       |       ||     3
       Paralysed         |       |     3 |       |       ||     3
       Distracted        |       |     1 |       |       ||     1
Armor: Leather armour    |     9 |     1 |       |       ||    10
       Ring mail         |       |    27 |    11 |       ||    38
       Chain mail        |       |       |   146 |   378 ||   524
Dodge: Dodged            |    49 |    37 |   166 |   388 ||   640
